 Dungeon Crawl Stone Soup version 0.31-a0-177-g4aa6249778 (webtiles) character file.

Game seed: 14728552308058938150

464 qw the Shooter (level 7, -5/64 HPs)
             Began as a Naga Hunter on June 18, 2023.
             Was a Follower of Okawaru.
             Slain by an orc warrior
             ... wielding a +0 glaive
              (11 damage)
             ... on level 4 of the Dungeon.
             The game lasted 00:01:15 (3339 turns).

qw the Shooter (Naga Hunter)                        Turns: 3339, Time: 00:01:16

Health: -5/64      AC:  5    Str: 14    XL:     7   Next: 7%
Magic:  7/8        EV: 12    Int:  9    God:    Okawaru [*.....]
Gold:   227        SH:  0    Dex: 16    Spells: 6/6 levels left

rFire   . . .        Y - +0 shortbow
rCold   . . .        (shield currently unavailable)
rNeg    . . .        c - +0 leather armour
rPois   +            h - +0 helmet
rElec   .            (no cloak)
rCorr   .            (no gloves)
SInv    +            (no barding)
Will    .....        (no amulet)
Stlth   +++          (no ring)
HPRegen 0.30/turn    (no ring)
MPRegen 0.11/turn

%: no passive effects
@: heroic, very slow
A: AC +2, large, see invisible, deformed body, poison resistance, slowness 2,
spit poison 1, naga tail 1
a: Spit Poison, Renounce Religion, Heroism


You were on level 4 of the Dungeon.
You worshipped Okawaru.
Okawaru was aware of your devotion.
You visited 1 branch of the dungeon, and saw 6 of its levels.

You collected 227 gold pieces.


Innate Abilities, Weirdness & Mutations

Your serpentine skin is tough. (AC +2)
You have supernaturally acute eyesight. (SInv)
Armour fits poorly on your strangely shaped body.
Your system is resistant to poisons. (rPois)
You cover ground very slowly.
You can spit poison.
You have a snake-like lower body.


   Skills:
 - Level 4.0(9.0) Fighting
 + Level 6.3(11.3) Ranged Weapons
 - Level 1.5(6.5) Dodging
 - Level 1.5(6.5) Stealth
 + Level 2.6 Invocations


You had 6 spell levels left.
You didn't know any spells.
Your spell library was empty.

Inventory:

Hand Weapons
 Y - a +0 shortbow (weapon)
Armour
 c - a +0 leather armour (worn)
 h - a +0 helmet (worn)
Scrolls
 a - a scroll of identify
Potions
 b - a potion of haste
 d - a potion of invisibility {unknown}
 g - a potion of enlightenment {unknown}
 i - a potion of resistance
 l - a potion of berserk rage {unknown}

Dungeon Overview and Level Annotations

Branches:
Dungeon (6/15)
 Temple: D:4-7

Altars:
Cheibriados
Hepliaklqana
Kikubaaqudgha
Okawaru
Sif Muna
Trog
Uskayaw
Wu Jian
Xom

Annotations:
D:4 exclusion: 2 orc warriors


Message History

Enter note:
Enter note:
Enter note:
Enter note:
3335 ||| READING 2 scrolls of identify.
As you read the scroll of identify, it crumbles to dust.
b - a potion of haste
3335 ||| IDENTIFYING bubbling clear potion The orc warrior barely misses you.
Enter note:
Enter note:
Enter note:
Enter note:
Enter note: The orc warrior hits you from afar with a +0 glaive!
There is an empty arch of ancient stone here.
Enter note:
Enter note:
Enter note:
Enter note:
Enter note:
Enter note:
Enter note:
Enter note:
Enter note:
Enter note:
Enter note:
Enter note:
Enter note: You have got your breath back.
The orc warrior hits you with a +0 glaive!
The orc warrior barely misses you.
Enter note:
Enter note:
Enter note: The orc warrior attacks as you move away!
The orc warrior hits you but does no damage.
The orc warrior closely misses you.
The orc warrior hits you from afar with a +0 glaive!
You die...

#..# ##..####...77777 ##### #..#
#### ##.7..... ##...####).#
#.7.~~~~ ......##.)## ###
##7~..~~ ........).# #..# 7~.~..
.....)...## ##.)_#####7~.~._
#####.%...#### ##....##...7~.~..
##........ ##.o.###....7~..~~
##........ #@..###..).^7.~~~~
#####.........#...#\#...#..7.....
.....>..)........###)..###..77777
######..#####...###...## ####
#.## #..##....## ######.########
#_:.## ...........# #..##
##.#######.# #### ##.# ###


You could see an orc warrior.

Vanquished Creatures
  An ogre (D:4)
  2 scorpions (D:4)
  3 iguanas
  An orc wizard (D:4)
  3 adders
  A gnoll (D:1)
  6 worms
  3 dart slugs
  7 orcs (D:4)
  5 endoplasms
  3 giant cockroaches
  10 goblins
  7 hobgoblins
  11 jackals
  2 quokkas
  6 ball pythons
  A bat (D:3)
  4 frilled lizards
  6 kobolds
  4 rats
86 creatures vanquished.

Notes
Turn   | Place    | Note
-------+----------+-------------------------------------------
     0 | D:1      | qw the Naga Hunter began the quest for the Orb.
     0 | D:1      | Reached XP level 1. HP: 19/19 MP: 1/1
     0 | D:1      | 0 ||| qw: Version: 0.3-a-5-g6f28e65
     0 | D:1      | 0 ||| qw: Game counter: 604
     0 | D:1      | 0 ||| qw: Always use a shield: true
     0 | D:1      | 0 ||| qw: God list: Okawaru
     0 | D:1      | 0 ||| qw: Allow faded altars: false
     0 | D:1      | 0 ||| qw: Do Orc after D:15 true
     0 | D:1      | 0 ||| qw: Do second Lair branch before Depths: true
     0 | D:1      | 0 ||| qw: Lair rune preference: random
     0 | D:1      | 0 ||| qw: Plans: Normal
     0 | D:1      | 0 ||| PLANNING D:1-11
    46 | D:1      | 46 ||| INVOKING Spit Poison.
    73 | D:1      | 73 ||| INVOKING Spit Poison.
    92 | D:1      | 92 ||| INVOKING Spit Poison.
    93 | D:1      | 93 ||| INVOKING Spit Poison.
    98 | D:1      | 98 ||| INVOKING Spit Poison.
   130 | D:1      | 130 ||| INVOKING Spit Poison.
   131 | D:1      | Reached skill level 4 in Ranged Weapons
   131 | D:1      | Reached XP level 2. HP: 26/26 MP: 2/2
   146 | D:1      | 146 ||| INVOKING Spit Poison.
   188 | D:1      | 188 ||| INVOKING Spit Poison.
   268 | D:1      | 268 ||| INVOKING Spit Poison.
   272 | D:1      | 272 ||| INVOKING Spit Poison.
   367 | D:1      | 367 ||| INVOKING Spit Poison.
   372 | D:1      | Reached XP level 3. HP: 32/32 MP: 3/3
   416 | D:1      | 416 ||| INVOKING Spit Poison.
   420 | D:1      | 420 ||| INVOKING Spit Poison.
   456 | D:1      | 456 ||| INVOKING Spit Poison.
   460 | D:1      | 460 ||| INVOKING Spit Poison.
   592 | D:1      | 592 ||| INVOKING Spit Poison.
   635 | D:1      | 635 ||| UPGRADING to +0 helmet.
   640 | D:1      | 640 ||| READING 2 scrolls labelled ITOTSIKAXE.
   641 | D:1      | 641 ||| READING scroll labelled POURESYNKA.
   642 | D:1      | 642 ||| READING scroll labelled YXTEF SUAS.
   699 | D:1      | 699 ||| DROPPING scroll of butterflies.
   741 | D:2      | 741 ||| INVOKING Spit Poison.
   926 | D:2      | 926 ||| INVOKING Spit Poison.
   945 | D:2      | 945 ||| INVOKING Spit Poison.
   998 | D:2      | 998 ||| INVOKING Spit Poison.
  1039 | D:2      | 1039 ||| INVOKING Spit Poison.
  1044 | D:2      | 1044 ||| INVOKING Spit Poison.
  1045 | D:2      | Reached skill level 5 in Ranged Weapons
  1048 | D:2      | 1048 ||| INVOKING Spit Poison.
  1050 | D:2      | Reached XP level 4. HP: 39/39 MP: 4/4
  1088 | D:2      | 1088 ||| INVOKING Spit Poison.
  1094 | D:2      | 1094 ||| INVOKING Spit Poison.
  1152 | D:2      | 1152 ||| INVOKING Spit Poison.
  1197 | D:2      | 1197 ||| INVOKING Spit Poison.
  1315 | D:2      | 1315 ||| INVOKING Spit Poison.
  1366 | D:2      | 1366 ||| INVOKING Spit Poison.
  1601 | D:2      | 1601 ||| DROPPING ring of wizardry.
  1602 | D:2      | 1602 ||| READING 5 scrolls of identify.
  1602 | D:2      | 1602 ||| IDENTIFYING clear potion
  1603 | D:2      | 1603 ||| READING 4 scrolls of identify.
  1603 | D:2      | 1603 ||| IDENTIFYING fuming black potion
  1604 | D:2      | 1604 ||| READING 3 scrolls of identify.
  1604 | D:2      | 1604 ||| IDENTIFYING grey potion
  1605 | D:2      | 1605 ||| READING 2 scrolls of identify.
  1605 | D:2      | 1605 ||| IDENTIFYING dark potion
  1606 | D:2      | 1606 ||| DROPPING potion of degeneration.
  1640 | D:3      | 1640 ||| INVOKING Spit Poison.
  1652 | D:3      | 1652 ||| INVOKING Spit Poison.
  1709 | D:3      | 1709 ||| INVOKING Spit Poison.
  1712 | D:3      | 1712 ||| INVOKING Spit Poison.
  1720 | D:3      | 1720 ||| INVOKING Spit Poison.
  1750 | D:3      | 1750 ||| INVOKING Spit Poison.
  1999 | D:3      | Found an ancient bone altar of Kikubaaqudgha.
  2002 | D:3      | 2002 ||| INVOKING Spit Poison.
  2003 | D:3      | Found a hide-covered altar of Uskayaw.
  2045 | D:3      | 2045 ||| INVOKING Spit Poison.
  2050 | D:3      | 2050 ||| INVOKING Spit Poison.
  2052 | D:3      | Reached skill level 3 in Fighting
  2055 | D:3      | 2055 ||| INVOKING Spit Poison.
  2110 | D:3      | 2110 ||| INVOKING Spit Poison.
  2284 | D:3      | 2284 ||| INVOKING Spit Poison.
  2285 | D:3      | Found an iron altar of Okawaru.
  2286 | D:3      | 2286 ||| PLANNING OKAWARU WORSHIP
  2286 | D:3      | 2286 ||| READING scroll labelled JORYTE ICHAPS.
  2292 | D:3      | Became a worshipper of Warmaster Okawaru
  2293 | D:3      | 2293 ||| PLANNING D:1-11
  2298 | D:3      | 2298 ||| INVOKING Spit Poison.
  2447 | D:4      | 2447 ||| INVOKING Spit Poison.
  2450 | D:4      | 2450 ||| INVOKING Spit Poison.
  2479 | D:4      | Found an ornate altar of the Wu Jian Council.
  2482 | D:4      | 2482 ||| INVOKING Spit Poison.
  2488 | D:4      | 2488 ||| INVOKING Spit Poison.
  2489 | D:4      | Noticed an ogre
  2491 | D:4      | Noticed a scorpion
  2492 | D:4      | 2492 ||| INVOKING Spit Poison.
  2499 | D:4      | 2499 ||| INVOKING Spit Poison.
  2499 | D:4      | Killed an ogre
  2500 | D:4      | Reached XP level 5. HP: 46/49 MP: 5/5
  2504 | D:4      | 2504 ||| INVOKING Spit Poison.
  2508 | D:4      | 2508 ||| INVOKING Spit Poison.
  2508 | D:4      | HP: 12/49 [poisoned by a scorpion]
  2509 | D:4      | 2509 ||| DRINKING 2 potions of heal wounds.
  2510 | D:4      | 2510 ||| INVOKING Spit Poison.
  2513 | D:4      | HP: 12/49 [scorpion (3)]
  2514 | D:4      | 2514 ||| DRINKING potion of heal wounds.
  2515 | D:4      | 2515 ||| INVOKING Spit Poison.
  2515 | D:4      | Reached * piety under Okawaru
  2516 | D:4      | Reached skill level 6 in Ranged Weapons
  2516 | D:4      | Reached XP level 6. HP: 24/56 MP: 6/6
  2703 | D:4      | 2703 ||| INVOKING Spit Poison.
  2706 | D:4      | 2706 ||| INVOKING Spit Poison.
  2721 | D:4      | 2721 ||| INVOKING Spit Poison.
  2724 | D:4      | 2724 ||| INVOKING Spit Poison.
  2736 | D:4      | Found a hazy altar of Hepliaklqana.
  2741 | D:4      | 2741 ||| INVOKING Spit Poison.
  2747 | D:4      | 2747 ||| INVOKING Spit Poison.
  2748 | D:4      | Reached skill level 1 in Invocations
  2793 | D:4      | 2793 ||| INVOKING Spit Poison.
  2838 | D:4      | Found a snail-covered altar of Cheibriados.
  2853 | D:4      | 2853 ||| INVOKING Spit Poison.
  2857 | D:4      | 2857 ||| INVOKING Spit Poison.
  2861 | D:4      | 2861 ||| INVOKING Spit Poison.
  2896 | D:4      | Found a shimmering altar of Xom.
  2897 | D:4      | 2897 ||| INVOKING Spit Poison.
  2906 | D:4      | You fall into a shaft and drop 2 floors!
  2909 | D:6      | 2909 ||| READING scroll labelled PILLUR HOUTRO.
  2918 | D:5      | Entered Level 5 of the Dungeon
  2929 | D:5      | 2929 ||| INVOKING Spit Poison.
  2932 | D:5      | 2932 ||| INVOKING Spit Poison.
  2961 | D:5      | 2961 ||| FLEEEEING.
  2962 | D:5      | 2962 ||| STAIRDANCE
  3027 | D:4      | 3027 ||| INVOKING Spit Poison.
  3053 | D:4      | 3053 ||| INVOKING Spit Poison.
  3058 | D:4      | 3058 ||| INVOKING Spit Poison.
  3059 | D:4      | Reached XP level 7. HP: 63/63 MP: 8/8
  3078 | D:4      | 3078 ||| STAIRDANCE
  3250 | D:4      | 3250 ||| INVOKING Spit Poison.
  3286 | D:4      | 3286 ||| INVOKING Spit Poison.
  3293 | D:4      | 3293 ||| INVOKING Spit Poison.
  3296 | D:4      | 3296 ||| DRINKING potion of curing.
  3296 | D:4      | 3296 ||| (to cure confusion)
  3302 | D:4      | 3302 ||| INVOKING Spit Poison.
  3317 | D:4      | Found a shimmering blue altar of Sif Muna.
  3328 | D:4      | Found a bloodstained altar of Trog.
  3329 | D:4      | 3329 ||| INVOKING Heroism.
  3330 | D:4      | 3330 ||| INVOKING Spit Poison.
  3335 | D:4      | 3335 ||| READING 2 scrolls of identify.
  3335 | D:4      | 3335 ||| IDENTIFYING bubbling clear potion
  3336 | D:4      | HP: 14/64 [orc warrior/+0 glaive (17)]
  3337 | D:4      | HP: 5/64 [orc warrior/+0 glaive (9)]
  3339 | D:4      | Slain by an orc warrior

Levels and vault maps discovered:
D:1:      dpeg_arrival_yet_another_circle, layout_basic
D:2:      layout_basic, kennysheep_generic_room_5
D:3:      layout_loops_ring, mainiacjoe_overflow_small_starburst,
          nicolae_overflow_hidden_temple, serial_co_window_serial,
          co_window_paths_b, co_window_corner_a, co_window_of_opportunity_a,
          co_window_of_opportunity_a, co_window_paths_a,
          co_window_of_opportunity_c, co_window_corner_b,
          co_window_unsneaky_path_e, glass_columns_a, glass_columns_a,
          glass_columns_a
D:4:      layout_layer_cave, mainiacjoe_overflow_catwalk, kennysheep_little_box,
          mainiacjoe_overflow_paths, lemuel_doored_altar,
          nzn_overflow_gifts_of_might_and_magic, minmay_strange_pillars
D:5:      layout_layer_cave, serial_shops, shop
D:6:      layout_gridville

Skill      XL: |  1  2  3  4  5  6  7 |
---------------+----------------------+-----
Ranged Weapons | 4 5 6 |  6.3
Fighting       | 3 4 |  4.0
Invocations    | 2 |  2.6
Dodging        | |  1.5
Stealth        | |  1.5

Action                     |  1- 3 |  4- 6 |  7- 9 || total
---------------------------+-------+-------+-------++-------
   Fire: Shortbow          |    57 |   131 |    21 ||   209
 Invoke: Heroism           |       |       |     1 ||     1
Ability: Spit Poison       |    22 |    44 |     5 ||    71
    Use: Scroll            |     3 |     6 |     1 ||    10
         Potion            |       |     2 |     1 ||     3
 Armour: Leather armour    |     8 |    14 |     5 ||    27
  Dodge: Dodged            |    13 |    17 |    10 ||    40

Table legend:
 A = Non-vault XP
 B = Vault XP
 C = Vault XP percentage of total XP
 D = Non-vault monster count
 E = Vault monster count
 F = Vault count percentage of total count
                 A         B        C        D         E       F
            +---------+---------+-------+---------+---------+-------
      Total |     623 |      40 |   6.0 |      83 |       3 |   3.5
            +---------+---------+-------+---------+---------+-------
        D:1 |      51 |       0 |   0.0 |      22 |       0 |   0.0
        D:2 |      60 |       4 |   6.2 |      17 |       2 |  10.5
        D:3 |      37 |       0 |   0.0 |      16 |       0 |   0.0
        D:4 |     436 |      36 |   7.6 |      27 |       1 |   3.6
        D:5 |      39 |       0 |   0.0 |       1 |       0 |   0.0
            +---------+---------+-------+---------+---------+-------
